AoeStats
← CompaChuy

QS Arena

503303386Analyzed
4v4 RM · 1mo ago on Aug 31, 2026· 49m 14s· 8 players
Game mode
Random Map
Map size
Large (8 player)
Population
200
Speed
Normal
Resources
Standard
Victory
Conquest
Starting age
Dark Age
Ending age
Imperial Age
RankedLock teamsTeams togetherTeam positionsShared explorationLock speedFull tech treeHidden civsTurbo modeCheats
Victory
Defeat
🇺🇸 Persians · United States
1040
+14
🇺🇸 Koreans · United States
1007
+16
🇺🇸 Bohemians · United States
991
+17
🇺🇸 Spanish · United States
944
+19
🇲🇽 Khmer · Mexico
1038
-18
🇲🇽 Bohemians · Mexico
1036
-18
🇺🇸 Teutons · United States
984
-15
🇺🇸 Vikings · United States
972
-15
1. d4
5:30 Loom
7:37 Feudal Age
12:02 Castle Age
15:22 Fletching
25:04 Double-Bit Axe
27:36 Horse Collar
29:15 Crossbowman
33:36 Ballistics
34:27 Bodkin Arrow
41:53 Imperial Age
40:56 Thumb Ring
41:41 Wheelbarrow
41:33 Heavy Plow
41:51 Bow Saw
43:05 Arbalester
44:13 Bracer
44:59 Hand Cart
45:51 Conscription
45:20 Capped Ram
50:17 Chemistry
SonofmyRightHand
8:35 Feudal Age
12:53 Castle Age
11:31 Double-Bit Axe
11:56 Horse Collar
12:48 Loom
12:50 Town Watch
13:59 Wheelbarrow
13:57 Bow Saw
14:21 Town Watch
15:30 Heavy Plow
16:57 Gold Mining
19:52 Scale Barding Armor
20:07 Bloodlines
22:44 Hand Cart
23:38 Chain Barding Armor
23:29 Forging
25:49 Husbandry
26:29 Iron Casting
26:25 Stone Mining
28:07 Gold Shaft Mining
27:35 Fletching
30:06 Stone Shaft Mining
30:26 Town Patrol
31:25 Bodkin Arrow
31:31 Padded Archer Armor
34:01 Leather Archer Armor
33:31 Pikeman
37:39 Imperial Age
36:58 Scale Mail Armor
38:01 Ballistics
37:36 Murder Holes
38:00 Chain Mail Armor
37:32 Elite War Elephant
40:10 Plate Barding Armor
40:36 Blast Furnace
38:58 Cavalier
40:11 Conscription
42:07 Chemistry
41:41 Ring Archer Armor
41:55 Crop Rotation
42:27 Two-Man Saw
42:06 Thumb Ring
Microsoft_edger
7:44 Feudal Age
9:38 Loom
10:35 Double-Bit Axe
13:34 Castle Age
11:34 Horse Collar
16:48 Heavy Plow
20:45 Bow Saw
22:10 Wheelbarrow
22:23 Pikeman
23:03 Squires
22:49 Arson
23:57 Hand Cart
28:46 Imperial Age
27:56 Scale Mail Armor
28:06 Forging
29:08 Chemistry
29:13 Town Watch
31:09 Chain Mail Armor
31:29 Iron Casting
30:37 Houfnice
32:36 Plate Mail Armor
32:30 Halberdier
36:25 Siege Engineers
41:17 Blast Furnace
46:57 Conscription
46:46 Wagenburg Tactics
ChewedGizmo
8:17 Feudal Age
15:26 Castle Age
15:53 Man-at-Arms
19:51 Forging
30:00 Imperial Age
31:17 Onager
33:48 Padded Archer Armor
37:20 Onager
42:18 Light Cavalry
43:26 Bloodlines
43:39 Cavalier
44:20 Husbandry
45:53 Chemistry
45:49 Ballistics
47:17 Paladin
50:29 Iron Casting
Rough-Rider
2:58 Loom
10:33 Feudal Age
13:08 Wheelbarrow
12:24 Double-Bit Axe
12:19 Horse Collar
12:30 Gold Mining
12:30 Stone Mining
16:16 Castle Age
20:05 Pikeman
36:34 Fletching
AntonioMX
8:25 Feudal Age
9:04 Double-Bit Axe
9:01 Horse Collar
11:12 Loom
11:35 Loom
14:36 Castle Age
13:12 Horse Collar
17:34 Chemistry
17:40 Padded Archer Armor
23:17 Imperial Age
21:34 Bow Saw
24:19 Town Watch
25:41 Wheelbarrow
25:05 Sappers
25:56 Conscription
27:22 Elite Skirmisher
28:45 Fletching
29:11 Leather Archer Armor
29:51 Bodkin Arrow
30:22 Ballistics
32:02 Wagenburg Tactics
32:32 Hand Cart
34:30 Heavy Plow
35:34 Houfnice
37:27 Siege Engineers
37:04 Treadmill Crane
38:52 Two-Man Saw
39:25 Bracer
39:56 Ring Archer Armor
42:05 Masonry
43:34 Architecture
43:25 Bombard Tower
46:29 Pikeman
47:10 Squires
46:56 Arson
47:13 Scale Mail Armor
47:23 Forging
CompaChuy
8:57 Feudal Age
9:52 Double-Bit Axe
9:49 Horse Collar
15:00 Castle Age
15:45 Gold Mining
16:07 Bow Saw
15:59 Heavy Plow
17:23 Wheelbarrow
18:13 Gold Shaft Mining
23:51 Imperial Age
24:11 Ballistics
24:37 Loom
25:06 Siege Engineers
26:02 Chemistry
25:46 Heavy Scorpion
29:45 Double Crossbow
CoronaVirus
1:44 Loom
2:24 Loom
9:42 Feudal Age
15:21 Castle Age
13:57 Man-at-Arms
15:09 Horse Collar
15:48 Gold Mining
16:54 Fletching
17:06 Padded Archer Armor
19:06 Forging
19:19 Pikeman
20:00 Squires
20:17 Scale Mail Armor
23:53 Iron Casting
25:20 Double-Bit Axe
28:21 Chain Mail Armor
30:24 Bow Saw
30:24 Stone Mining
33:05 Gold Shaft Mining
32:42 Heavy Plow
34:03 Gambesons
35:28 Bodkin Arrow
39:59 Imperial Age
38:32 Long Swordsman
40:09 Chieftains
41:29 Plate Mail Armor
41:29 Conscription
41:49 Crop Rotation
41:04 Two-Handed Swordsman
44:52 Champion
Connection lost

Rejoining the realm…

Still unreachable

The connection could not be restored.

Session expired

The server has moved on; the page needs a fresh start.